 Dungeon Crawl Stone Soup version 0.31-a0-986-g5e6e4ef867 (webtiles) character file.

Game seed: 8212319819306180013

97 jestert79 the Insei (level 4, -1/28 HPs)
             Began as an Octopode Shapeshifter on Nov 23, 2023.
             Was an Initiate of Gozag.
             Killed by divine providence
             ... invoked by an orc priest
              (12 damage)
             ... on level 3 of the Dungeon.
             The game lasted 00:04:20 (2092 turns).

jestert79 the Insei (Octopode Shapeshifter)         Turns: 2092, Time: 00:04:20

Health: -1/28      AC:  1    Str: 19    XL:     4   Next: 68%
Magic:  4/4        EV: 28    Int: 12    God:    Gozag
Gold:   269        SH:  0    Dex: 13    Spells: 3/3 levels left

rFire   . .          .
                       - Unarmed
rCold   . . .        (no shield)
rNeg    . . .        (helmet currently unavailable)
rPois   .            f - amulet of the acrobat
rElec   .            j - +6 ring of strength
rCorr   .            (no ring)
SInv    .            (no ring)
Will    .....        (no ring)
Stlth   ++           (no ring)
HPRegen 0.24/turn    (no ring)
MPRegen 0.09/turn    (no ring)
                     (no ring)

%: acrobat
@: beast-form, acrobatic
A: beast (slay +2), almost no armour, amphibious, 8 rings, camouflage 1,
gelatinous body 1, (nimble swimmer 1), tentacles
a: Begin Untransformation, Renounce Religion, Potion Petition, Call Merchant,
Bribe Branch


You were on level 3 of the Dungeon.
You worshipped Gozag.
Gozag was aware of your devotion.
You were a hulking beast.
You visited 1 branch of the dungeon, and saw 3 of its levels.

You collected 269 gold pieces.

Inventory:

Hand Weapons
 b - a +0 sling
Missiles
 o - 8 poisoned darts
 q - 3 boomerangs
Armour
 d - a +0 buckler
Jewellery
 f - an amulet of the acrobat (around mantle)
 j - a +6 ring of strength (left tentacle)
Talismans
 c - a flux talisman
 h - a beast talisman
Scrolls
 g - 4 scrolls of identify {unknown}
 i - a scroll of acquirement {unknown}
 l - a scroll of revelation {unknown}
 m - a scroll of teleportation {unknown}
 p - a scroll of amnesia {unknown}
Potions
 a - a potion of lignification
 e - 2 potions of haste {unknown}
 k - a potion of cancellation {unknown}
 n - a potion of curing {unknown}
 r - a potion of mutation {unknown}


   Skills:
 - Level 1.0 Fighting
 - Level 2.0 Dodging
 + Level 4.2 Unarmed Combat
 + Level 4.1 Shapeshifting


You had 3 spell levels left.
You didn't know any spells.
Your spell library contained the following spells:

 Spells                   Type           Power      Damage    Failure   Level
 Ozocubu's Armour         Ice            0%         N/A       69%         3
 Ozocubu's Refrigeration  Ice            0%         4d7       100%        7


Dungeon Overview and Level Annotations

Branches:
Dungeon (3/15)

Altars:
Gozag
Uskayaw
Wu Jian


Innate Abilities, Weirdness & Mutations

You are a hulking beast.
Your limbs bulge with bestial killing power. (Slay +2)
You cannot wear most types of armour.
You are amphibious.
You can wear up to eight rings at the same time.
Your skin changes colour to match your surroundings (Stealth+).
Your rubbery body absorbs attacks. (AC +1, EV +1)
((You are camouflaged when in or above water. (Stealth+)))
You have tentacles for arms and can constrict up to eight enemies at once.


Message History

q - 3 boomerangs
There is an open door here.
There is an open door here.
Found a stone staircase leading down.
Found an escape hatch in the floor.
There is an escape hatch in the floor here.
r - a smoky silvery potion A quokka comes into view.
b - a +0 sling (weapon)
You shoot a sling bullet. The sling bullet hits the quokka!
You kill the quokka!
No target in view!
You are now empty-tentacled.
You now have 256 gold pieces (gained 5).
You now have 263 gold pieces (gained 7).
Found a stone staircase leading down.
There is a stone staircase leading down here.
A goblin comes into view. It is wielding a +0 dagger.
b - a +0 sling (weapon)
You shoot a sling bullet. The goblin shouts!
The sling bullet hits the goblin!
You kill the goblin!
No target in view!
You are now empty-tentacled.
You now have 269 gold pieces (gained 6).
You see here a +0 dagger.
Found a stone staircase leading up.
An orc priest comes into view. It is wielding a +0 hand axe.
The orc priest shouts!
The orc priest unwields a +0 hand axe.
The orc priest wields a +0 sling.
The orc priest shoots a sling bullet.
The sling bullet closely misses you.
The orc priest mumbles some strange prayers to Beogh against you.
Beogh smites you!
The orc priest shoots a sling bullet.
The sling bullet hits you!
There is a stone staircase leading up, spattered with blood here.
The orc priest invokes the aid of Beogh against you.
Beogh smites you!
You die...
Your body crumbles into a pile of gold.

#.# #.#####.##.#
#..##..## #.#
#...##.....# #..###..#
#.# #.#.....#### #..#
#..# #.# #.####..#
###..# #..##### #.#
#.#
#..####....###...)...
#.# #.#
#.....#.#............
###.####.#
#..##.#.########.####
.........#
#.....#.########.##.#
###.######
#..oh<.)..........#..
#.#
#######.....######.###
#.#
..................>...
#.#
########.#######.#.###
#.# #.# #.#.#
###.######### #.#
###.#.# ....#.......#
#.# #...#.#
#####.#._.#.# #.#
#.###.# #.......## #.#
#.....#


You could see an orc priest.

Vanquished Creatures
  3 adders
  A worm (D:2)
  2 dart slugs
  4 orcs (D:3)
  6 endoplasms
  3 giant cockroaches
  6 goblins
  5 hobgoblins
  3 kobolds (D:1)
  4 quokkas
  7 ball pythons
  A bat (D:1)
  4 frilled lizards
  8 rats
57 creatures vanquished.

Notes
Turn   | Place    | Note
-------+----------+-------------------------------------------
     0 | D:1      | jestert79 the Octopode Shapeshifter began the quest for the
                  | Orb.
     0 | D:1      | Reached XP level 1. HP: 13/13 MP: 1/1
   173 | D:1      | Reached XP level 2. HP: 17/18 MP: 2/2
   766 | D:2      | Reached XP level 3. HP: 18/23 MP: 3/3
   896 | D:2      | Found an ornate altar of the Wu Jian Council.
  1137 | D:2      | Reached XP level 4. HP: 27/28 MP: 4/4
  1259 | D:2      | Found a faded altar of an unknown god.
  1270 | D:2      | Prayed at the altar of an unknown god.
  1270 | D:2      | Became a worshipper of Gozag Ym Sagoz the Greedy
  1613 | D:3      | Found a hide-covered altar of Uskayaw.
  2092 | D:3      | Killed from afar by an orc priest

Illustrated notes

Levels and vault maps discovered:
D:1:      ncdulo_halloftheorcs, layout_basic
D:2:      layout_basic, basic_altar, ebering_ecumenical_altar_rust,
          grunt_ministairs_1, minmay_crystal_water
D:3:      layout_basic, nicolae_uskayaw_dance_hall

Skill      XL: |  1  2  3  4 |
---------------+-------------+-----
Unarmed Combat | 4 |  4.2
Shapeshifting  | 4 |  4.1
Fighting       | |  1.0
Dodging        | |  2.0

Action                     |  1- 3 |  4- 6 || total
---------------------------+-------+-------++-------
  Melee: Unarmed           |    61 |    38 ||    99
         Tentacles         |    10 |     5 ||    15
         Constrict         |    12 |    10 ||    22
         Punch             |     1 |     1 ||     2
   Fire: Sling             |       |     2 ||     2
   Stab: Sleeping          |     7 |     1 ||     8
         Distracted        |       |     1 ||     1
 Armour: Skin              |    17 |    12 ||    29
  Dodge: Dodged            |    25 |    16 ||    41

Table legend: (Time is in decaauts)
 A = Elapsed time spent in this place.
 B = Non-inter-level travel time spent in this place.
 C = Inter-level travel time spent in this place.
 D = Time resting spent in this place.
 E = Time spent auto-exploring this place.
 F = Levels seen in this place.
 G = Mean time per level.
                   A        B        C        D        E       F      G
               +--------+--------+--------+--------+--------+-----+--------+
         Total |   2083 |   2021 |     62 |     90 |   1476 |   3 |  694.3 |
       Dungeon |   2083 |   2021 |     62 |     90 |   1476 |   3 |  694.3 |
               +--------+--------+--------+--------+--------+-----+--------+

Top non-repeatable levels by time:
     D:1: 759 daAuts
     D:3: 690 daAuts
     D:2: 633 daAuts
